 Dungeon Crawl Stone Soup version 0.29.0-4-gdea44cf6ec (webtiles) character file.

Game seed: 18362726957119411498

2459 qw the Cleaver (level 9, -3/75 HPs)
             Began as a Minotaur Berserker on Sept 4, 2022.
             Was a Believer of Trog.
             Killed from afar by a lindwurm (20 damage)
             ... with a blast of flame
             ... on level 8 of the Dungeon.
             The game lasted 00:01:55 (7103 turns).

qw the Cleaver (Minotaur Berserker)                 Turns: 7103, Time: 00:01:56

Health: -3/75      AC: 15    Str: 26    XL:     9   Next: 26%
Magic:  8/8        EV:  7    Int:  4    God:    Trog [**....]
Gold:   392        SH:  4    Dex: 10    Spells: 8/8 levels left

rFire   . . .      SeeInvis +   Y - +1 hand axe
rCold   . . .      Faith    .   p - +0 buckler
rNeg    . . .      Spirit   .   c - +0 plate armour
rPois   +          Reflect  .   (helmet restricted)
rElec   .          Harm     .   (no cloak)
rCorr   .          Rampage  .   h - +0 pair of gloves
Will    .....                   d - +0 pair of boots
Stlth   ..........              (no amulet)
HPRegen 0.22/turn               b - ring of poison resistance
MPRegen 0.11/turn               o - ring of see invisible

@: no status effects
A: horns 2, retaliatory headbutt
a: Renounce Religion, Berserk, Trog's Hand


You were on level 8 of the Dungeon.
You worshipped Trog.
Trog was pleased with you.
You visited 1 branch of the dungeon, and saw 8 of its levels.

You collected 392 gold pieces.


Innate Abilities, Weirdness & Mutations

You have a pair of horns on your head.
You reflexively headbutt those who attack you in melee.


   Skills:
 - Level 6.0 Fighting
 + Level 11.8 Axes
 - Level 1.6 Throwing
 - Level 7.1 Armour
 - Level 2.1 Dodging
 - Level 4.3 Shields


You had 8 spell levels left.
You didn't know any spells.
Your spell library was empty.

Inventory:

Hand Weapons
 m - a +0 flail
 Y - a +1 hand axe (weapon)
Armour
 c - a +0 plate armour (worn)
 d - a +0 pair of boots (worn)
 g - the +11 scale mail of Lust {rElec Str+3}
   (You found it on level 8 of the Dungeon)

   Str:       It affects your strength (+3).
   rElec:     It insulates you from electricity.
 h - a +0 pair of gloves (worn)
 p - a +0 buckler (worn)
Jewellery
 b - a ring of poison resistance (left hand)
 n - a ring of protection from fire
 o - a ring of see invisible (right hand)
Scrolls
 a - 4 scrolls of teleportation
 i - 3 scrolls of identify
Potions
 e - a potion of heal wounds
 f - 2 potions of cancellation
 k - 3 potions of curing
 l - 2 potions of might

Dungeon Overview and Level Annotations

Branches:
Dungeon (8/15)             Temple (0/1) D:5
   Lair: D:8-11

Altars:
Xom
Yredelemnul

Shops:
D:6 :

Annotations:
D:4 2 runed translucent doors, qw's ghost, amateur OgEn


Message History

i - 3 scrolls of identify (gained 1)
You now have 392 gold pieces (gained 10).
A water moccasin comes into view.
The water moccasin moves out of view.
Enter note:
Enter note: The water moccasin hisses angrily.
You block the water moccasin's attack.
You slash the water moccasin!
The water moccasin is moderately wounded.
The water moccasin bites you but does no damage.
You barely miss the water moccasin. You headbutt the water moccasin!
The water moccasin is severely wounded.
The water moccasin bites you but does no damage.
You slash the water moccasin!
You kill the water moccasin!
Trog accepts your kill.
A lindwurm comes into view.
Found a lajatang and a gnarled runed staff.
The lindwurm roars!
A lindwurm comes into view.
The lindwurm roars!
You hear a roar!
g - the +11 scale mail of Lust {rElec Str+3}
Found a stone staircase leading down.
The lindwurm breathes flames at you. The blast of flame hits you.
The lindwurm breathes flames at you. The blast of flame hits you!!
7094 ||| FLEEEEING.
Found a fluorescent wand.
7095 ||| FLEEEEING.
7099 ||| FLEEEEING.
7101 ||| FLEEEEING.
The lindwurm roars!
7102 ||| FLEEEEING.
The lindwurm breathes flames at you. The blast of flame hits you!!
7103 ||| FLEEEEING.
The lindwurm breathes flames at you. The blast of flame hits you!!
You die...

###### #####....#####
###....¤¤¤.....###
##......¤~¤¤......##
#.....~¤¤¤¤¤~~@....##
#.....¤~¤¤¤¤¤¤~~~~....#
.....~¤¤~¤¤~~~¤~~~~...##
....¤~~~~¤~~~~~~~~~~...#
....~~¤¤~~.kkk~~~~¤¤...#
>..~~¤~~.k.##...~~~¤~..#
...¤¤¤~~.¤####..~¤¤~~..##
./. .#k ).#..~~~~.%.#
k$##¤¤¤~~~..#


You could see 4 lindwurms.

Vanquished Creatures
  Pikel (D:7)
  A water moccasin (D:8)
  A black bear (D:8)
  An orc warrior (D:6)
  A sky beast (D:6)
  An ice beast (D:6)
  3 ogres
  A centaur (D:8)
  2 phantoms
  A kobold brigand (D:7)
  A scorpion (D:5)
  A bullfrog (D:6)
  A water moccasin zombie (D:4)
  4 wights (D:7)
  A bullfrog zombie (D:4)
  2 jellies
  2 hounds (D:6)
  4 orc priests
  4 iguanas
  3 orc wizards
  7 adders
  A shadow imp (D:5)
  A white imp (D:5)
  3 adder zombies (D:4)
  A worm (D:3)
  19 orcs
  4 endoplasms
  2 giant cockroaches
  3 goblins
  8 hobgoblins
  2 jackals (D:4)
  2 quokkas
  2 ball pythons
  4 bats
  3 frilled lizards
  6 kobolds
  6 rats
110 creatures vanquished.

Vanquished Creatures (others)
  2 demonic plants (D:1)
  2 plants (D:3)
4 creatures vanquished.

Grand Total: 114 creatures vanquished

Notes
Turn   | Place    | Note
-------+----------+-------------------------------------------
     0 | D:1      | qw the Minotaur Berserker began the quest for the Orb.
     0 | D:1      | Reached XP level 1. HP: 19/19 MP: 0/0
     0 | D:1      | 0 ||| qw: Version: 0.1-a-103-gd6f5d3a
     0 | D:1      | 0 ||| qw: Game counter: 5577
     0 | D:1      | 0 ||| qw: Always use a shield: true
     0 | D:1      | 0 ||| qw: Do Orc after D:15 true
     0 | D:1      | 0 ||| qw: Do second Lair branch before Depths: true
     0 | D:1      | 0 ||| qw: Lair rune preference: random
     0 | D:1      | 0 ||| qw: Plans: Normal
     0 | D:1      | 0 ||| PLANNING D:1-11
    75 | D:1      | Reached skill level 4 in Axes
   232 | D:1      | Found a faded altar of an unknown god.
   232 | D:1      | Noticed a soul eater
   237 | D:1      | Reached XP level 2. HP: 25/26 MP: 1/1
   814 | D:1      | 814 ||| UPGRADING to +0 ring mail.
   824 | D:1      | 824 ||| DROPPING +0 animal skin.
   825 | D:1      | 825 ||| READING 3 scrolls labelled LUER DUBYJELIO.
   829 | D:1      | 829 ||| READING scroll labelled QEIQACIOCO.
   830 | D:1      | 830 ||| READING scroll labelled TIDDIJ TAUL.
   831 | D:1      | 831 ||| READING 2 scrolls labelled GALIVE ECAL.
  1186 | D:2      | 1186 ||| READING scroll labelled OFIZEC PUUDGHI.
  1214 | D:2      | 1214 ||| DRINKING 2 fizzy blue potions.
  1215 | D:2      | 1215 ||| READING 2 scrolls of identify.
  1215 | D:2      | 1215 ||| IDENTIFYING murky golden potion
  1216 | D:2      | 1216 ||| DROPPING potion of brilliance.
  1245 | D:3      | 1245 ||| INVOKING Berserk.
  1246 | D:3      | 1246 ||| INVOKING Berserk.
  1248 | D:3      | Reached skill level 5 in Axes
  1248 | D:3      | Reached XP level 3. HP: 19/31 MP: 2/2
  1248 | D:3      | 1248 ||| STAIRDANCE
  1561 | D:3      | Noticed an ogre
  1566 | D:3      | 1566 ||| INVOKING Berserk.
  1567 | D:3      | Killed an ogre
  1568 | D:3      | Reached skill level 6 in Axes
  1568 | D:3      | Reached XP level 4. HP: 32/39 MP: 3/3
  1576 | D:3      | Reached ** piety under Trog
  1579 | D:3      | HP: 4/39 [orc priest/+0 club (6)]
  1580 | D:3      | 1580 ||| READING 3 scrolls of teleportation.
  1581 | D:3      | 1581 ||| DRINKING potion of heal wounds.
  1779 | D:3      | 1779 ||| INVOKING Berserk.
  1781 | D:3      | Reached XP level 5. HP: 45/45 MP: 4/4
  1783 | D:3      | Reached skill level 7 in Axes
  2103 | D:3      | You fall into a shaft and drop 3 floors!
  2118 | D:6      | 2118 ||| UPGRADING to +0 pair of boots.
  2123 | D:6      | 2123 ||| UPGRADING to ring of poison resistance.
  2124 | D:6      | 2124 ||| READING 2 scrolls of identify.
  2124 | D:6      | 2124 ||| IDENTIFYING sapphire potion
  2125 | D:6      | 2125 ||| DROPPING potion of berserk rage.
  2133 | D:5      | Entered Level 5 of the Dungeon
  2655 | D:4      | Found a basalt altar of Yredelemnul.
  2682 | D:4      | Reached skill level 8 in Axes
  2682 | D:4      | Reached XP level 6. HP: 43/52 MP: 5/5
  2752 | D:4      | Found a runed translucent door.
  2898 | D:4      | 2898 ||| Stepping ~*~*~tactically~*~*~ (stealth).
  2902 | D:4      | 2902 ||| INVOKING Berserk.
  3168 | D:4      | Found a runed translucent door.
  3170 | D:4      | 3170 ||| INVOKING Berserk.
  3300 | D:4      | 3300 ||| DROPPING +0 mace.
  3349 | D:4      | Reached skill level 9 in Axes
  3428 | D:4      | Noticed qw's ghost (amateur OgEn)
  3429 | D:4      | 3429 ||| READING scroll labelled RARHOWN LOLL.
  3430 | D:4      | 3430 ||| DRINKING 2 fuming brown potions.
  3431 | D:4      | 3431 ||| READING 2 scrolls of identify.
  3431 | D:4      | 3431 ||| IDENTIFYING pink potion
  3432 | D:4      | 3432 ||| DROPPING potion of attraction.
  3507 | D:5      | Found a staircase to the Ecumenical Temple.
  3541 | D:5      | 3541 ||| INVOKING Berserk.
  3546 | D:5      | Reached XP level 7. HP: 61/61 MP: 6/6
  3798 | D:5      | 3798 ||| Stepping ~*~*~tactically~*~*~ (stealth).
  3829 | D:5      | 3829 ||| INVOKING Berserk.
  4007 | D:5      | 4007 ||| Stepping ~*~*~tactically~*~*~ (stealth).
  4008 | D:5      | 4008 ||| Stepping ~*~*~tactically~*~*~ (stealth).
  4027 | D:5      | Reached skill level 10 in Axes
  4048 | D:5      | 4048 ||| Stepping ~*~*~tactically~*~*~ (hiding).
  4054 | D:5      | 4054 ||| INVOKING Berserk.
  4057 | D:5      | Reached skill level 1 in Throwing
  4363 | D:5      | 4363 ||| UPGRADING to +0 scale mail.
  4373 | D:5      | 4373 ||| DROPPING +0 ring mail.
  4374 | D:5      | 4374 ||| UPGRADING to ring of protection from fire.
  4375 | D:5      | 4375 ||| READING scroll labelled KOQEILA ZAFO.
  4376 | D:5      | 4376 ||| READING scroll labelled ZEPHIE DE SARGHY.
  4377 | D:5      | 4377 ||| READING scroll labelled UCAIBO BOTRYZI.
  4378 | D:5      | 4378 ||| READING scroll labelled VUCISHRI ZOUMIPP.
  4379 | D:5      | 4379 ||| READING 4 scrolls of identify.
  4379 | D:5      | 4379 ||| IDENTIFYING bubbling brown potion
  4402 | D:6      | 4402 ||| INVOKING Berserk.
  4409 | D:6      | Reached skill level 6 in Fighting
  4621 | D:6      | Reached XP level 8. HP: 52/70 MP: 7/7
  4962 | D:6      | Reached skill level 11 in Axes
  5069 | D:6      | Found Caiphouz's Book Emporium.
  5325 | D:6      | Reached skill level 3 in Armour
  5385 | D:6      | 5385 ||| INVOKING Berserk.
  5568 | D:6      | 5568 ||| UPGRADING to +0 plate armour.
  5578 | D:6      | 5578 ||| DROPPING +0 scale mail.
  5579 | D:6      | 5579 ||| UPGRADING to +0 buckler.
  5584 | D:6      | 5584 ||| UPGRADING to ring of see invisible.
  5586 | D:6      | 5586 ||| READING 4 scrolls of identify.
  5586 | D:6      | 5586 ||| IDENTIFYING emerald potion
  5587 | D:6      | 5587 ||| READING 3 scrolls of identify.
  5587 | D:6      | 5587 ||| IDENTIFYING yellow potion
  5588 | D:6      | 5588 ||| DROPPING potion of flight.
  5619 | D:7      | Found a shimmering altar of Xom.
  5715 | D:7      | Reached skill level 1 in Shields
  5811 | D:7      | 5811 ||| FLEEEEING.
  5892 | D:7      | 5892 ||| Stepping ~*~*~tactically~*~*~ (hiding).
  5894 | D:7      | 5894 ||| Stepping ~*~*~tactically~*~*~ (hiding).
  5895 | D:7      | 5895 ||| Stepping ~*~*~tactically~*~*~ (hiding).
  5901 | D:7      | 5901 ||| DRINKING 3 potions of curing.
  5901 | D:7      | 5901 ||| (to cure confusion)
  6074 | D:7      | 6074 ||| Stepping ~*~*~tactically~*~*~ (stealth).
  6081 | D:7      | Reached skill level 3 in Shields
  6282 | D:7      | Noticed Pikel
  6289 | D:7      | 6289 ||| INVOKING Berserk.
  6293 | D:7      | Killed Pikel
  6294 | D:7      | Reached XP level 9. HP: 75/75 MP: 8/8
  6805 | D:7      | 6805 ||| UPGRADING to +0 pair of gloves.
  6810 | D:7      | 6810 ||| READING scroll labelled DAYLAT UTAISAN.
  6874 | D:8      | 6874 ||| Stepping ~*~*~tactically~*~*~ (hiding).
  6875 | D:8      | 6875 ||| Stepping ~*~*~tactically~*~*~ (hiding).
  6877 | D:8      | 6877 ||| Stepping ~*~*~tactically~*~*~ (hiding).
  6881 | D:8      | Reached *** piety under Trog
  6929 | D:8      | 6929 ||| Stepping ~*~*~tactically~*~*~ (stealth).
  6930 | D:8      | 6930 ||| INVOKING Berserk.
  7074 | D:8      | Noticed a lindwurm
  7074 | D:8      | Noticed a lindwurm
  7075 | D:8      | Noticed a lindwurm
  7078 | D:8      | Identified the +11 scale mail of Lust {rElec Str+3}
  7094 | D:8      | 7094 ||| FLEEEEING.
  7095 | D:8      | 7095 ||| FLEEEEING.
  7099 | D:8      | 7099 ||| FLEEEEING.
  7099 | D:8      | Noticed a lindwurm
  7101 | D:8      | 7101 ||| FLEEEEING.
  7102 | D:8      | 7102 ||| FLEEEEING.
  7102 | D:8      | HP: 16/75 [lindwurm/blast of flame (25)]
  7103 | D:8      | 7103 ||| FLEEEEING.
  7103 | D:8      | Killed from afar by a lindwurm

Levels and vault maps discovered:
D:1:      lemuel_arrival_tunnels, layout_loops_ring,
          dreamdust_ecumenical_altar_sealed_demon
D:2:      layout_rooms, minmay_surrounded
D:3:      layout_basic, serial_bayou_pond_a, kennysheep_boxes
D:4:      layout_basic, nicolae_yredelemnul_corpse_copse, ebering_ghost_sewer_f,
          hangedman_abyss_or_decor_passed
D:5:      layout_basic, minmay_temple_entry_gardened_gates
D:6:      layout_loops_corners, serial_shops, nicolae_shop_behind_doors,
          kennysheep_generic_room_11
D:7:      layout_cave_pods, mainiacjoe_overflow_surrounded_room, uniq_pikel
D:8:      layout_rooms, serial_curves, eino_curves_01, eino_curves_04,
          minmay_lindwurm_lava

Skill      XL: |  1  2  3  4  5  6  7  8  9 |
---------------+----------------------------+-----
Axes           | 4 5 6 8 9 10 11 | 11.8
Fighting       | 4 5 6 |  6.0
Throwing       | 1 |  1.6
Armour         | 7 |  7.1
Shields        | 3 4 |  4.3
Dodging        | |  2.1

Action                   |  1- 3 |  4- 6 |  7- 9 || total
-------------------------+-------+-------+-------++-------
Melee: Hand axe          |    54 |    76 |   151 ||   281
       Headbutt          |     6 |     6 |    21 ||    33
       Punch             |       |       |     1 ||     1
Throw: Boomerang         |    25 |    35 |    57 ||   117
Invok: Berserk           |     2 |     4 |     6 ||    12
  Use: Scroll            |     6 |     4 |     8 ||    18
       Potion            |     1 |     2 |     1 ||     4
Armor: Animal skin       |     7 |       |       ||     7
       Ring mail         |     7 |    20 |    12 ||    39
       Scale mail        |       |       |    10 ||    10
       Plate armour      |       |       |    20 ||    20
Dodge: Dodged            |    25 |    30 |    43 ||    98
Block: Buckler           |       |       |     7 ||     7

Table legend:
 A = Non-vault XP
 B = Vault XP
 C = Vault XP percentage of total XP
 D = Non-vault monster count
 E = Vault monster count
 F = Vault count percentage of total count
                 A         B        C        D         E       F
            +---------+---------+-------+---------+---------+-------
      Total |    2634 |     880 |  25.0 |     101 |       9 |   8.2
            +---------+---------+-------+---------+---------+-------
        D:1 |      20 |       0 |   0.0 |      14 |       0 |   0.0
        D:2 |       8 |       3 |  27.3 |       5 |       2 |  28.6
        D:3 |     219 |       0 |   0.0 |      17 |       0 |   0.0
        D:4 |     258 |     137 |  34.7 |      18 |       5 |  21.7
        D:5 |     565 |       0 |   0.0 |      19 |       0 |   0.0
        D:6 |     668 |     133 |  16.6 |       9 |       1 |  10.0
        D:7 |     488 |     607 |  55.4 |      14 |       1 |   6.7
        D:8 |     408 |       0 |   0.0 |       5 |       0 |   0.0
            +---------+---------+-------+---------+---------+-------
